 Dungeon Crawl Stone Soup version 0.30-a0-137-gd8773701ce (webtiles) character file.

Game seed: 4799013168850604507

335 kae the Firebug (level 6, 0/33 HPs)
             Began as a Deep Elf Fire Elementalist on Sept 23, 2022.
             Slain by an iguana (14 damage)
             ... on level 3 of the Dungeon.
             The game lasted 00:03:32 (3511 turns).

kae the Firebug (Deep Elf Fire Elementalist)        Turns: 3511, Time: 00:03:32

Health: 0/33       AC:  2    Str: 11    XL:     6   Next: 28%
Magic:  9/14       EV: 13    Int: 22    God:
Gold:   132        SH:  0    Dex: 15    Spells: 5/14 levels left

rFire   . . .      SeeInvis .    (no weapon)
rCold   . . .      Faith    .    (no shield)
rNeg    . . .      Spirit   .    a - +0 robe
rPois   .          Reflect  .    (no helmet)
rElec   .          Harm     .    (no cloak)
rCorr   .          Rampage  .    (no gloves)
Will    +....                    (no boots)
Stlth   ++........               (no amulet)
HPRegen 0.11/turn                j - ring of willpower
MPRegen 0.14/turn                S - +6 ring of strength

@: no status effects
A: no striking features
a: no special abilities


You were on level 3 of the Dungeon.
You visited 1 branch of the dungeon, and saw 4 of its levels.

You collected 132 gold pieces.


   Skills:
 + Level 0.7 Fighting
 + Level 2.9 Dodging
 - Level 2.4 Stealth
 + Level 4.6 Spellcasting
 * Level 4.2 Conjurations
 * Level 5.4 Fire Magic


You had 5 spell levels left.
You knew the following spells:

 Your Spells              Type           Power      Damage    Failure   Level
a - Foxfire               Conj/Fire      100%       2x1d9     1%          1
b - Scorch                Fire           56%        2d7       1%          2
c - Kindle Blastsparks    Fire/Tloc/Air  26%        2d12      16%         3
d - Inner Flame           Hex/Fire       17%        N/A       11%         3

Your spell library contained the following spells:

 Spells                   Type           Power      Damage    Failure   Level
 Flame Wave               Conj/Fire      26%        2d8       14%         4

Inventory:

Missiles
 c - 27 stones
 e - 5 atropa-tipped darts
 p - 3 poisoned darts
 q - 2 datura-tipped darts
 s - 2 throwing nets {=f!f}
Armour
 a - a +0 robe (worn)
Jewellery
 j - a ring of willpower (left hand)
   (You found it on level 1 of the Dungeon)
 O - a +4 ring of protection
   (You found it on level 3 of the Dungeon)
 S - a +6 ring of strength (right hand)
   (You found it on level 2 of the Dungeon)
Wands
 g - a wand of flame (19)
   (You found it on level 3 of the Dungeon)
Scrolls
 h - a scroll of amnesia
 m - a scroll of enchant weapon {unknown}
 o - 2 scrolls of identify {@r1}
Potions
 b - a potion of magic
 d - 2 potions of attraction {unknown}
 f - 4 potions of curing {@q1}
 i - 3 potions of cancellation {unknown}
 k - 2 potions of degeneration {!q}
 l - a potion of might {unknown}
 n - 2 potions of heal wounds {unknown}
 r - a potion of ambrosia {unknown}

Dungeon Overview and Level Annotations

Branches:
Dungeon (4/15) Zot: 20461
 Temple: D:4-7

Altars:
Gozag

Annotations:
D:4 Ijyb

#.# #.....
#.#####.....
#.#...'.....
#.#.###..... #.#.#
#..... #.#>#
#.....
#.#.###.....
#######.#.........
#@......#..######.
#l†######..# #.
#..~~~~##..######.
#..~≈≈~~~<........
#..~≈≈≈≈~~~~###~~~
#..~~~≈≈≈≈≈~~~~~≈≈
#....~~~≈≈≈≈≈≈≈≈≈≈
###....~~~~≈≈≈≈≈~~
####....~~~~~~~.


You could see an iguana (combustible).


Message History

The howler monkey completely misses you.
The hound bites you. The howler monkey hits you. The hound barely misses you.
The howler monkey barely misses you. The hound bites you. 😮 HP[-10] MP[-2]
You take 10 damage, and now have 17/28 hp.
MASSIVE DAMAGE!! (PAUSE)
You lost 2 mp, and now have 7/13 mp.
Casting: Scorch (safe; 1% risk of failure)
Confirm with . or Enter, or press ? or * to list all spells.
Flames lash the hound.
The hound is burned terribly!
You kill the hound!
The howler monkey closely misses you.
You have reached level 6! 😮 HP[+3] MP[-2]
You now have 33 max hp (+5).
You regained 3 hp, and now have 20/33 hp.
You lost 2 mp, and now have 5/14 mp.
Casting: Scorch (safe; 1% risk of failure)
Confirm with . or Enter, or press ? or * to list all spells.
Flames lash the howler monkey.
The howler monkey's fire resistance burns away.
The howler monkey hits you.
The howler monkey closely misses you. 😮 MP[-2]
You lost 2 mp, and now have 3/14 mp.
Unknown command.
Casting: Scorch (safe; 1% risk of failure)
Confirm with . or Enter, or press ? or * to list all spells.
Flames lash the howler monkey.
The howler monkey is burned terribly!
You kill the howler monkey! 😮 MP[-1]
You lost 1 mp, and now have 2/14 mp.
Casting: Scorch (safe; 1% risk of failure)
Confirm with . or Enter, or press ? or * to list all spells.
You can't see any susceptible monsters within range! (Use Z to cast anyway.)
Casting: Scorch (safe; 1% risk of failure)
Confirm with . or Enter, or press ? or * to list all spells.
You can't see any susceptible monsters within range! (Use Z to cast anyway.) Done exploring. 😕 HP[+8] MP[+9]
You regained 8 hp, and now have 28/33 hp.
You regained 9 mp, and now have 11/14 mp.
Done exploring.
Done exploring.
You start resting. 😕 HP[+1] MP[+3]
Your mp is fully restored (14).
You climb downwards.
The hound zombie barely misses you.
A hound zombie comes into view.
The hound zombie completely misses you.
There is a stone staircase leading up here. 😕 HP[+1]
Casting: Scorch (safe; 1% risk of failure)
Confirm with . or Enter, or press ? or * to list all spells.
Flames lash the hound zombie.
The hound zombie's fire resistance burns away.
An iguana comes into view.
A scorpion zombie comes into view.
The hound zombie misses you.
A hound zombie comes into view.
The hound zombie bites you. The adder zombie bites you.
An adder zombie comes into view. 😕 HP[-5] MP[-2]
You take 5 damage, and now have 25/33 hp.
You lost 2 mp, and now have 12/14 mp.
Casting: Scorch (safe; 1% risk of failure)
Confirm with . or Enter, or press ? or * to list all spells.
Flames lash the hound zombie.
The hound zombie is burned terribly!
You destroy the hound zombie!
The adder zombie barely misses you. The hound zombie bites you.
The hound zombie completely misses you.
An orc comes into view. It is wielding a +0 hand axe.
The iguana bites you!
* * * LOW HITPOINT WARNING * * *
The adder zombie misses you.
Ijyb the Twisted Goblin comes into view.
She is wielding a +0 club and carrying a wand of paralysis (12).
The hound zombie bites you but does no damage.
The hound zombie barely misses you. 😨 HP[-10] MP[-2]
You take 10 damage, and now have 15/33 hp.
MASSIVE DAMAGE!! (PAUSE)
You lost 2 mp, and now have 10/14 mp.
The hound zombie bites you.
* * * LOW HITPOINT WARNING * * *
The adder zombie bites you but does no damage.
The hound zombie bites you but does no damage.
The iguana misses you.
You climb upwards.
There is a stone staircase leading down here.
Unknown command. 😨 HP[-2]
You take 2 damage, and now have 13/33 hp.
Unknown command.
Casting: Scorch (safe; 1% risk of failure)
Confirm with . or Enter, or press ? or * to list all spells.
Flames lash the iguana.
The iguana's fire resistance burns away.
The iguana closely misses you. The iguana bites you!
You die...

Skill      XL: |  1  2  3  4  5 |
---------------+----------------+-----
Conjurations   | 2 3 4 |  4.2
Fire Magic     | 4 5 |  5.4
Spellcasting   | 4 |  4.6
Fighting       | |  0.7
Dodging        | |  2.9
Stealth        | |  2.4

Action                   |  1- 3 |  4- 6 || total
-------------------------+-------+-------++-------
 Cast: Foxfire           |    75 |    51 ||   126
       Kindle Blastspark |       |     1 ||     1
       Scorch            |       |    14 ||    14
  Use: Scroll            |     7 |       ||     7
Armor: Robe              |     5 |     5 ||    10
Dodge: Dodged            |    19 |    20 ||    39

Levels and vault maps discovered:
D:1:      dpeg_arrival_round_b, layout_basic, kennysheep_nondescript
D:2:      layout_basic, basic_altar, dk_vineyard_1
D:3:      wander_river, layout_basic, nicolae_ecumenical_pavilion,
          chequers_serial_rivers_small_b, hangedman_decor_peaks_small,
          uniq_jessica
D:4:      layout_cave_pools, minmay_temple_entry_tees, serial_undead,
          serial_undead_c, serial_undead_a, serial_undead_e, serial_undead_d,
          serial_undead_c, serial_undead_f, serial_undead_e, serial_undead_f,
          uniq_ijyb

Notes
Turn   | Place    | Note
-------+----------+-------------------------------------------
     0 | D:1      | kae the Deep Elf Fire Elementalist began the quest for the
                  | Orb.
     0 | D:1      | Reached XP level 1. HP: 10/10 MP: 6/6
     0 | D:1      | magus.rc [v1.11.3]
   218 | D:1      | Reached XP level 2. HP: 15/15 MP: 5/8
   497 | D:1      | Reached skill level 2 in Conjurations
  1482 | D:2      | Reached XP level 3. HP: 19/19 MP: 7/10
  1485 | D:2      | Learned a level 2 spell: Scorch
  1489 | D:2      | Learned a level 3 spell: Kindle Blastsparks
  1535 | D:2      | Found an opulent altar of Gozag.
  1545 | D:2      | Reached skill level 4 in Fire Magic
  1803 | D:2      | Learned a level 3 spell: Inner Flame
  2195 | D:3      | Reached XP level 4. HP: 22/24 MP: 7/11
  2338 | D:3      | Noticed Jessica
  2357 | D:3      | Killed Jessica
  2358 | D:3      | Reached skill level 3 in Conjurations
  2475 | D:3      | Reached skill level 4 in Spellcasting
  2484 | D:3      | Reached XP level 5. HP: 28/28 MP: 7/13
  2730 | D:3      | Found a faded altar of an unknown god.
  2880 | D:3      | HP: 6/28 [gnoll/+0 club (6)]
  3298 | D:4      | Reached skill level 4 in Conjurations
  3298 | D:4      | Reached skill level 5 in Fire Magic
  3412 | D:3      | Reached XP level 6. HP: 20/33 MP: 5/14
  3507 | D:4      | Noticed Ijyb
  3511 | D:3      | Slain by an iguana

Vanquished Creatures
  A necrophage (D:4)
  A howler monkey (D:3)
  A hound (D:3)
  Jessica (D:3)
  An orc wizard (D:3)
  A hound zombie (D:4)
  3 gnolls (D:3)
  3 adders
  A worm (D:3)
  2 orcs (D:3)
  A ball python (D:1)
  4 endoplasms
  4 giant cockroaches
  6 goblins
  6 hobgoblins
  11 jackals
  9 quokkas
  5 bats
  4 frilled lizards
  4 kobolds (D:1)
  A quokka skeleton (D:4)
  4 rats
74 creatures vanquished.

Vanquished Creatures (others)
  208 foxfires
208 creatures vanquished.

Grand Total: 282 creatures vanquished

Table legend:
 A = Non-vault XP
 B = Vault XP
 C = Vault XP percentage of total XP
 D = Non-vault monster count
 E = Vault monster count
 F = Vault count percentage of total count
                 A         B        C        D         E       F
            +---------+---------+-------+---------+---------+-------
      Total |     421 |      58 |  12.1 |      71 |       3 |   4.1
            +---------+---------+-------+---------+---------+-------
        D:1 |      40 |       0 |   0.0 |      26 |       0 |   0.0
        D:2 |      48 |       0 |   0.0 |      14 |       0 |   0.0
        D:3 |     229 |      37 |  13.9 |      26 |       1 |   3.7
        D:4 |     104 |      21 |  16.8 |       5 |       2 |  28.6
            +---------+---------+-------+---------+---------+-------

Illustrated notes

Table legend:
 A = Kills in this place as a percentage of kills in entire the game.
 B = Kills by you in this place as a percentage of kills by you in the entire game.
 C = Kills by friends in this place as a percentage of kills by friends in the entire game.
 D = Other kills in this place as a percentage of other kills in the entire game.
 E = Experience gained in this place as a percentage of experience gained in the entire game.
 F = Experience gained in this place divided by the number of levels of this place that you have seen.
                   A       B       C       D       E      F
               +-------+-------+-------+-------+-------+----------------------
         Total | 100.0 | 100.0 |   N/A |   N/A | 100.0 | 119.8
       Dungeon | 100.0 | 100.0 |   N/A |   N/A | 100.0 | 119.8
               +-------+-------+-------+-------+-------+----------------------

Table legend: (Time is in decaauts)
 A = Elapsed time spent in this place.
 B = Non-inter-level travel time spent in this place.
 C = Inter-level travel time spent in this place.
 D = Time resting spent in this place.
 E = Time spent auto-exploring this place.
 F = Levels seen in this place.
 G = Mean time per level.
                   A        B        C        D        E       F      G
               +--------+--------+--------+--------+--------+-----+--------+
         Total |   3537 |   3451 |     86 |     20 |   2953 |   4 |  884.2 |
       Dungeon |   3537 |   3451 |     86 |     20 |   2953 |   4 |  884.2 |
               +--------+--------+--------+--------+--------+-----+--------+

Top non-repeatable levels by time:
     D:1: 1344 daAuts
     D:3: 1222 daAuts
     D:2: 839 daAuts
     D:4: 131 daAuts
